 Dungeon Crawl Stone Soup version 0.19.0 (webtiles) character file.

189674 Magifyre the Brawler (level 17, -1/161 HPs)
             Began as a Troll Fighter on Nov 6, 2016.
             Was a High Priest of the Shining One.
             Killed from afar by a nagaraja (43 damage)
             ... with an orb of energy
             ... on level 4 of the Snake Pit.
             The game lasted 02:19:27 (28647 turns).

Magifyre the Brawler (Troll Fighter)               Turns: 28647, Time: 02:19:28

Health: -1/161     AC: 28    Str: 28    XL:     17   Next: 95%
Magic:  25/26      EV: 14    Int:  4    God:    the Shining One [*****.]
Gold:   3078       SH: 41    Dex: 14    Spells: 0 memorised, 16 levels left

rFire  + . .     SeeInvis .       - Unarmed
rCold  . . .     Gourm    +     T - +4 troll leather armour
rNeg   + + .     Faith    .     X - +3 large shield {AC+3}
rPois  +         Spirit   .     (helmet restricted)
rElec  .         Reflect  +     O - +0 cloak "Tyxtuet" {MR+ Regen+}
rCorr  .         Harm     .     (gloves unavailable)
MR     ++...                    (boots unavailable)
Stlth  +.........               N - +6 amulet of reflection
                                h - +5 ring of protection
                                H - ring of Robustness {AC+8}

@: lethally poisoned (-1 -> -10), divine shield, glowing
A: unfitting armour, claws 3, fire resistance 1, fast metabolism 3, gourmand,
poison resistance, regeneration 1, shaggy fur 1, tough skin 2
a: Divine Shield, Cleansing Flame, Summon Divine Warrior, Renounce Religion


You were on level 4 of the Snake Pit.
You worshipped the Shining One.
The Shining One was extremely pleased with you.
You were very full.

You visited 7 branches of the dungeon, and saw 32 of its levels.
You also visited: Sewer and Ossuary.

You collected 3078 gold pieces.

Inventory:

Hand Weapons
 G - the +11 short sword "Hailomie" {flame, rN+}
   (You took it off an orc on level 12 of the Dungeon)

   It has been specially enchanted to burn those struck by it, causing extra
   injury to most foes and up to half again as much damage against particularly
   susceptible opponents.
   It protects you from negative energy.
Missiles
 m - 5 large rocks (quivered)
Armour
 g - a +1 robe of fire resistance
 v - +0 storm dragon scales {Bai Suzhen}
 D - a +2 robe of cold resistance
 O - the +0 cloak "Tyxtuet" (worn) {MR+ Regen+}
   (You found it on level 6 of the Lair of Beasts)

   It affects your resistance to hostile enchantments.
   It increases your rate of regeneration.
 T - a +4 troll leather armour (worn)
 X - a +3 large shield of protection (worn)
Jewellery
 h - a +5 ring of protection (right claw)
 H - the ring of Robustness (left claw) {AC+8}
   (You found it on level 6 of the Dungeon)

   [ring of protection]

   It affects your AC (+8).
 I - an uncursed ring of flight
 N - a +6 amulet of reflection (around neck)
 R - an uncursed ring of protection from magic
Wands
 b - a wand of slowing (34/48)
 e - a wand of slowing (14/48)
 k - a wand of heal wounds (7/9)
 p - a wand of disintegration (4/24)
 u - a wand of enslavement (6/24)
 A - a wand of slowing (14/48)
 L - a wand of acid (4/15)
 P - a wand of disintegration (12/24)
Scrolls
 a - 2 scrolls of identify
 f - a scroll of magic mapping
 i - 4 scrolls of blinking
 l - 3 scrolls of teleportation
 n - 5 scrolls of remove curse
 t - 6 scrolls of fog
 x - a scroll of recharging
 y - a scroll of fear
 B - a scroll of enchant weapon
 V - a scroll of amnesia
Potions
 c - 2 potions of might
 o - 14 potions of curing
 q - 2 potions of flight
 s - 3 potions of resistance
 w - 4 potions of agility
 z - 5 potions of cure mutation
 E - 3 potions of haste
 F - a potion of cancellation
 K - 5 potions of heal wounds
Comestibles
 d - 10 bread rations
 j - 22 meat rations
 r - 4 slices of pizza
 C - a chunk of flesh
 J - 5 beef jerkies
 Q - 7 royal jellies
 S - 17 fruits


   Skills:
 - Level 8.6 Fighting
 - Level 8.6 Dodging
 + Level 12.4 Shields
 + Level 20.4 Unarmed Combat
 - Level 14.0 Invocations


You had 16 spell levels left.
You didn't know any spells.

Dungeon Overview and Level Annotations

Branches:
Dungeon (15/15)            Temple (1/1) D:7            Lair (6/6) D:10
  Swamp (3/4) Lair:4        Snake (4/4) Lair:4        Slime (0/5) Lair:6
    Orc (2/2) D:9             Elf (1/3) Orc:2        Vaults (0/5) D:13
 Depths (0/5) D:15

Altars:
Ashenzari
Cheibriados
Dithmenos
Elyvilon
Fedhas
Gozag
Hepliaklqana
Kikubaaqudgha
Makhleb
Nemelex Xobeh
Okawaru
Qazlal
Ru
Sif Muna
Trog
Uskayaw
Vehumet
Xom
Yredelemnul
Zin
The Shining One
Beogh
Jiyva

Shops:
D:9 *   D:13 :   D:15 [   Orc:2 %%*[(   Snake:4 }}=

Annotations:
Lair:1 exclusion: oklob plant
Swamp:3 Donald


Innate Abilities, Weirdness & Mutations

You are too large for most types of armour.
You have claws for hands.
Your metabolism is lightning-fast.
You like to eat raw meat.
Your natural rate of healing is unusually fast.
You are covered in fur. (AC +1)
You have very tough skin. (AC +2)
Your flesh is heat resistant. (rF+)
Your system is resistant to poisons. (rPois)


Message History

The nagaraja is moderately wounded.
You feel sick. The nagaraja spits poison at you. The splash of poison hits you!
You resist. The nagaraja spits poison at you.
The splash of poison reflects off an invisible shield around you!
The splash of poison hits the nagaraja.
Your shield prevents you from hitting the nagaraja.
The nagaraja is moderately wounded.
You feel very sick. You block the nagaraja's attack. x2
You claw the nagaraja!
The nagaraja is heavily wounded.
You feel sick. You block the nagaraja's attack. x2
You mangle the nagaraja!!
The nagaraja is severely wounded.
You feel very sick.
The nagaraja points at you and mumbles some strange words.
The orb of energy hits you!
You die...

..#....#.# ..##
..'...##.# .##
..#####..+ #..###
.........# .)...#
.........#+#....#
...............#
...............######
...###.........##)..##
..#'.#......####@[.N.##
..#..#.....##..)N###..#
..##.'....##..[.## #..#
...###....#.)[### #..≈#
.........##.))## ≈N≈≈#
.........#.#.#.#


NNN≈≈ ...#####.##...## ≈≈...NN ..##. .####.#.# ..S≈≈NS. ###.###.##..).##
≈.N≈≈≈≈≈.# You could see 2 nagarajas.

Vanquished Creatures
  Bai Suzhen (Snake:4)
  A thorn hunter (Swamp:2)
  Frances (Swamp:1)
  Kirke (Swamp:2)
  Agnes (D:14)
  13 nagarajas
  Aizul (Swamp:2)
  An orc warlord (Orc:2)
  Snorg (D:13)
  Josephine (D:14)
  A rakshasa (D:15)
  12 naga warriors
  A vault guard (D:13)
  A death knight (D:15)
  10 hydras
  A catoblepas (D:14)
  An ogre mage (D:15)
  13 anacondas
  4 centaur warriors
  Urug (D:15)
  7 alligators
  5 shock serpents
  17 naga sharpshooters
  Nergalle (D:12)
  4 salamander mystics (Snake:4)
  2 unseen horrors
  9 sea snakes
  2 swamp dragons
  A spriggan druid (Swamp:2)
  A shambling mangrove (Swamp:3)
  A lindwurm (shapeshifter) (D:15)
  3 hill giants
  5 naga ritualists
  3 wolf spiders
  A cyclops (D:15)
  10 mana vipers
  5 orc sorcerers
  A deep elf mage (D:15)
  7 salamanders
  7 ugly things
  3 manticores
  6 elephants (Lair:5)
  38 black mambas
  4 guardian serpents
  Joseph (D:8)
  14 naga magi
  12 spiny frogs
  6 rime drakes
  A freezing wraith (D:13)
  8 komodo dragons
  A kobold demonologist (D:15)
  A redback zombie (D:15)
  8 trolls
  6 polar bears (Lair:6)
  3 meliai
  17 hornets
  6 tyrant leeches
  2 two-headed ogres (D:15)
  11 blink frogs
  14 slime creatures
  2 bog bodies
  9 hippogriffs
  A meliai zombie (D:13)
  Sigmund (D:6)
  5 wyverns
  2 shadows (Swamp:2)
  A water elemental (D:15)
  23 spriggans
  55 yaks
  6 wraiths
  7 basilisks
  3 hogs (Swamp:2)
  9 vampire mosquitoes
  9 swamp worms
  6 wargs
  2 mottled dragons
  10 insubstantial wisps
  A soldier ant (D:15)
  42 nagas
  12 water moccasins
  5 porcupines
  Duvessa (D:6)
  6 swamp drakes
  Purgy (Sewer)
  An ice beast (shapeshifter) (D:15)
  6 sky beasts
  An eye of draining (D:12)
  2 ice beasts
  2 black bears
  31 orc warriors
  2 necrophages
  3 centaurs
  A phantom (D:6)
  2 boggarts (Lair:6)
  19 ogres
  25 wolves
  16 crocodiles
  3 big kobolds
  16 bullfrogs
  Dowan (D:6)
  6 scorpions
  A wyvern skeleton (D:10)
  11 killer bees
  6 wights (D:9)
  2 electric eels
  4 howler monkeys
  5 crimson imps
  A bullfrog zombie (D:10)
  11 jellies
  6 centaur skeletons
  20 orc priests
  5 centaur zombies
  2 bullfrog skeletons
  A gnoll shaman (D:5)
  8 hounds
  Ijyb (D:3)
  Terence (D:2)
  5 iguanas
  36 orc wizards
  10 worker ants
  2 big kobold zombies (Ossuary)
  2 hound skeletons
  3 mummies (Ossuary)
  13 gnolls
  23 adders
  A river rat (D:3)
  2 shadow imps
  5 oozes
  4 adder zombies (Ossuary)
  An adder skeleton (D:4)
  3 worms
  A dart slug (D:1)
  8 leopard geckos
  115 orcs
  2 bats
  4 giant cockroaches
  12 goblins
  3 hobgoblins
  13 jackals
  2 quokkas
  5 ball pythons
  3 frilled lizards
  A goblin zombie (Ossuary)
  2 hobgoblin zombies (Ossuary)
  32 kobolds
  3 kobold zombies (Ossuary)
  A leopard gecko skeleton (D:7)
  An orc zombie (Ossuary)
  3 quokka zombies (Ossuary)
  7 rats
  2 rat zombies (Ossuary)
  2 briar patches (Swamp:2)
  A plant (Lair:1)
1095 creatures vanquished.

Vanquished Creatures (others)
  Vashnia (Snake:3)
  A hydra (Swamp:3)
  3 naga sharpshooters
  A yak (D:14)
  A human (Swamp:3)
  A hog (Swamp:2)
  A kobold (D:15)
  5 fungi
  4 plants
18 creatures vanquished.

Grand Total: 1113 creatures vanquished

Notes
Turn   | Place    | Note
-------+----------+-------------------------------------------
     0 | D:1      | Magifyre the Troll Fighter began the quest for the Orb.
     0 | D:1      | Reached XP level 1. HP: 22/22 MP: 0/0
   200 | D:1      | You fall through a shaft!
   235 | D:2      | Reached XP level 2. HP: 23/29 MP: 1/1
   301 | D:1      | Reached skill level 3 in Unarmed Combat
   677 | D:2      | Reached XP level 3. HP: 32/36 MP: 2/2
   780 | D:2      | Noticed Terence
   789 | D:2      | Killed Terence
   789 | D:2      | Reached skill level 4 in Unarmed Combat
   821 | D:2      | Reached XP level 4. HP: 17/44 MP: 3/3
   926 | D:2      | Found a faded altar of an unknown god.
  1070 | D:3      | Noticed Ijyb
  1074 | D:3      | Reached skill level 5 in Unarmed Combat
  1081 | D:3      | Killed Ijyb
  1081 | D:3      | Reached XP level 5. HP: 34/50 MP: 4/4
  1267 | D:3      | Found a snail-covered altar of Cheibriados.
  1570 | D:3      | Found a glowing drain.
  1571 | D:3      | Reached skill level 6 in Unarmed Combat
  1575 | Sewer    | Entered a sewer
  1685 | Sewer    | Noticed Purgy
  1690 | Sewer    | Killed Purgy
  1690 | Sewer    | Reached XP level 6. HP: 55/59 MP: 5/5
  2123 | D:4      | Reached skill level 7 in Unarmed Combat
  2468 | D:4      | Reached XP level 7. HP: 42/66 MP: 6/6
  2487 | D:4      | Reached skill level 8 in Unarmed Combat
  2946 | D:5      | Entered Level 5 of the Dungeon
  3301 | D:5      | Found a sand-covered staircase.
  3307 | Ossuary  | Entered an ossuary
  3322 | Ossuary  | Reached skill level 9 in Unarmed Combat
  3751 | D:5      | Reached XP level 8. HP: 74/74 MP: 7/7
  4010 | D:5      | You fall through a shaft!
  4094 | D:6      | Found a stormy altar of Qazlal.
  4164 | D:6      | Reached skill level 10 in Unarmed Combat
  4244 | D:6      | Noticed Dowan
  4246 | D:6      | Noticed Duvessa
  4252 | D:6      | Killed Duvessa
  4278 | D:6      | Killed Dowan
  4350 | D:6      | Noticed Sigmund
  4364 | D:6      | Killed Sigmund
  4364 | D:6      | Reached skill level 11 in Unarmed Combat
  4910 | D:6      | Found a sacrificial altar of Ru.
  4981 | D:7      | Reached XP level 9. HP: 80/80 MP: 8/8
  5022 | D:7      | Found a glowing golden altar of the Shining One.
  5128 | D:7      | Became a worshipper of the Shining One
  5212 | D:7      | Found a hazy altar of Hepliaklqana.
  5248 | D:7      | Reached skill level 12 in Unarmed Combat
  5439 | D:7      | Found a staircase to the Ecumenical Temple.
  5452 | Temple   | Entered the Ecumenical Temple
  5881 | D:8      | Noticed Joseph
  5889 | D:8      | Killed Joseph
  5889 | D:8      | Reached skill level 13 in Unarmed Combat
  6455 | D:9      | Found a staircase to the Orcish Mines.
  6459 | D:9      | Found an ancient bone altar of Kikubaaqudgha.
  6460 | D:9      | Reached * piety under the Shining One
  6484 | D:9      | Found Zin's Purification Station.
  6486 | D:9      | Found a glowing silver altar of Zin.
  6495 | D:9      | Reached XP level 10. HP: 88/88 MP: 9/9
  6581 | D:9      | Reached skill level 14 in Unarmed Combat
  6816 | D:9      | Found an iron altar of Okawaru.
  7167 | D:10     | Entered Level 10 of the Dungeon
  7179 | D:10     | Reached skill level 15 in Unarmed Combat
  7268 | D:10     | Reached ** piety under the Shining One
  7272 | D:10     | Found a staircase to the Lair.
  7996 | D:11     | Noticed a white ugly thing
  8004 | D:11     | Killed a white ugly thing
  8004 | D:11     | Reached skill level 16 in Unarmed Combat
  8004 | D:11     | Reached XP level 11. HP: 94/94 MP: 6/10
  8570 | D:12     | Reached skill level 1 in Invocations
  8939 | D:12     | Noticed a hill giant
  8945 | D:12     | Noticed a red ugly thing
  8948 | D:12     | Killed a hill giant
  8994 | D:12     | Killed a red ugly thing
  8994 | D:12     | Reached skill level 5 in Invocations
  9352 | D:12     | Noticed an unseen horror
  9360 | D:12     | Killed an unseen horror
  9582 | D:12     | Got a bloodstained short sword {flame}
  9583 | D:12     | Identified the +11 short sword "Hailomie" {flame, rN+} (You took it off an orc on level 12 of the Dungeon)
  9622 | D:12     | Noticed Nergalle
  9638 | D:12     | Killed Nergalle
  9721 | D:13     | Noticed Snorg
  9728 | D:13     | Killed Snorg
  9767 | D:13     | Found a roughly hewn altar of Beogh.
  9767 | D:13     | Noticed a red ugly thing
  9780 | D:13     | Killed a red ugly thing
  9794 | D:13     | Reached XP level 12. HP: 100/104 MP: 14/17
 10074 | D:13     | Found Sittigu's Book Boutique.
 10077 | D:13     | Noticed a centaur warrior
 10085 | D:13     | Killed a centaur warrior
 10111 | D:13     | Reached *** piety under the Shining One
 10329 | D:13     | Found a gate to the Vaults.
 10329 | D:13     | Noticed a vault guard
 10336 | D:13     | Killed a vault guard
 10336 | D:13     | Reached skill level 10 in Invocations
 10377 | D:14     | Noticed Josephine
 10467 | D:14     | Killed Josephine
 10664 | D:14     | Noticed Agnes
 10948 | D:14     | Noticed a catoblepas
 11080 | D:13     | Noticed a centaur warrior
 11089 | D:13     | Killed a centaur warrior
 11132 | D:14     | Killed a catoblepas
 11171 | D:14     | Killed Agnes
 11412 | D:13     | Reached XP level 13. HP: 110/110 MP: 17/21
 11541 | D:15     | Entered Level 15 of the Dungeon
 11551 | D:15     | Found Oryboocy's Armour Shop.
 11891 | D:15     | Found a viscous altar of Jiyva.
 11891 | D:15     | Noticed Urug
 11891 | D:15     | Reached **** piety under the Shining One
 12458 | D:15     | Killed Urug
 12497 | D:15     | Gained mutation: You are dopey. (Int -2) [a neqoxec]
 12498 | D:15     | Gained mutation: Scrolls take you a little longer to read. [a neqoxec]
 12984 | D:15     | Found a staircase to the Depths.
 13285 | Lair:1   | Entered Level 1 of the Lair of Beasts
 14498 | Lair:2   | Reached XP level 14. HP: 108/123 MP: 23/23
 15955 | Lair:4   | Found a staircase to the Snake Pit.
 16146 | Lair:4   | Found a staircase to the Swamp.
 16295 | Lair:4   | Found a frozen archway.
 16656 | Lair:5   | Reached skill level 5 in Fighting
 16656 | Lair:5   | Reached skill level 5 in Shields
 16713 | Lair:5   | Reached skill level 5 in Dodging
 16945 | Lair:5   | Reached skill level 17 in Unarmed Combat
 17659 | Lair:5   | Lost mutation: Scrolls take you a little longer to read. [potion of cure mutation]
 17659 | Lair:5   | Lost mutation: You are dopey. (Int -2) [potion of cure mutation]
 17660 | Lair:5   | Gained mutation: Your flesh is heat resistant. (rF+) [potion of beneficial mutation]
 17674 | Lair:6   | Entered Level 6 of the Lair of Beasts
 18145 | Lair:6   | Found a staircase to the Slime Pits.
 18538 | Lair:6   | Got an ichor-stained cloak
 18549 | Lair:6   | Identified the +0 cloak "Tyxtuet" {MR+ Regen+} (You found it on level 6 of the Lair of Beasts)
 18863 | Lair:6   | Reached XP level 15. HP: 139/139 MP: 24/24
 19384 | Orc:1    | Entered Level 1 of the Orcish Mines
 19769 | Orc:2    | Entered Level 2 of the Orcish Mines
 19808 | Orc:2    | Found a staircase to the Elven Halls.
 19927 | Orc:2    | Found a roughly hewn altar of Beogh.
 20181 | Orc:2    | Noticed an orc warlord
 20234 | Orc:2    | Killed an orc warlord
 20424 | Orc:2    | Found a roughly hewn altar of Beogh.
 20442 | Orc:2    | Found Haapnu's Food Shoppe.
 20581 | Orc:2    | Found a roughly hewn altar of Beogh.
 20583 | Orc:2    | Found Wuridghehupt's Assorted Antiques.
 20596 | Orc:2    | Identified a scroll of acquirement
 20703 | Orc:2    | Found a roughly hewn altar of Beogh.
 20703 | Orc:2    | Found Aryeve's Food Boutique.
 20815 | Orc:2    | Found a roughly hewn altar of Beogh.
 20815 | Orc:2    | Found Zecon's Antique Weapon Shoppe.
 20821 | Orc:2    | Found Fonopt's Antique Armour Emporium.
 20943 | Orc:2    | Found a roughly hewn altar of Beogh.
 21174 | Swamp:1  | Entered Level 1 of the Swamp
 21713 | Swamp:1  | Noticed Frances
 21723 | Swamp:1  | Killed Frances
 21901 | Swamp:2  | Noticed Aizul
 22297 | Swamp:2  | Noticed Kirke
 22304 | Swamp:2  | Killed Aizul
 22529 | Swamp:2  | Reached ***** piety under the Shining One
 22656 | Swamp:2  | Noticed a thorn hunter
 22672 | Swamp:2  | Killed a thorn hunter
 22993 | Swamp:2  | Killed Kirke
 23242 | Swamp:3  | Noticed Donald
 23674 | Swamp:3  | Reached skill level 18 in Unarmed Combat
 23674 | Swamp:3  | Reached XP level 16. HP: 87/152 MP: 21/25
 24079 | Elf:1    | Entered Level 1 of the Elven Halls
 24293 | Snake:1  | Entered Level 1 of the Snake Pit
 26598 | Snake:3  | Gained mutation: Your system is resistant to poisons. (rPois) [potion of beneficial mutation]
 26613 | Snake:3  | Noticed Vashnia
 26616 | Snake:3  | Reached skill level 10 in Shields
 26650 | Snake:3  | Killed Vashnia
 26650 | Snake:3  | Reached skill level 19 in Unarmed Combat
 27088 | Snake:3  | Reached XP level 17. HP: 146/161 MP: 26/26
 27332 | Snake:4  | Entered Level 4 of the Snake Pit
 27686 | Snake:4  | Noticed Bai Suzhen
 27699 | Snake:4  | Killed Bai Suzhen
 27881 | Snake:4  | Found Aggufez's Jewellery Boutique.
 27882 | Snake:4  | Found Jeoro's Gadget Emporium.
 27882 | Snake:4  | Found Dexotiq's Gadget Emporium.
 28202 | Snake:4  | Reached skill level 20 in Unarmed Combat
 28647 | Snake:4  | Killed from afar by a nagaraja

Skill      XL: |  1  2  3  4  5  6  7  8  9 10 11 12 13 14 15 16 17 |
---------------+----------------------------------------------------+-----
Unarmed Combat | 3 4 5 6 7 9 11 13 16 17 18 19 20 | 20.4
Invocations    | 8 12 14 | 14.0
Fighting       | 4 6 8 |  8.6
Dodging        | 4 6 8 |  8.6
Shields        | 4 6 8 10 12 | 12.4

Action                   |  1- 3 |  4- 6 |  7- 9 | 10-12 | 13-15 | 16-18 || total
-------------------------+-------+-------+-------+-------+-------+-------++-------
Melee: Unarmed           |   104 |   139 |   341 |   608 |  1404 |   791 ||  3387
       Short sword       |       |       |       |       |   158 |       ||   158
Throw: Large rock        |       |       |       |       |     5 |     2 ||     7
Invok: Divine Shield     |       |       |       |    14 |    34 |     8 ||    56
       Cleansing Flame   |       |       |       |       |       |     1 ||     1
Evoke: Wand              |       |       |       |       |       |     1 ||     1
  Use: Scroll            |       |       |       |    19 |    27 |     3 ||    49
       Potion            |       |       |       |     5 |     4 |     1 ||    10
 Stab: Sleeping          |       |     1 |       |       |       |       ||     1
       Confused          |       |       |       |       |     3 |       ||     3
  Eat: Chunk             |    11 |    17 |    36 |    48 |   116 |    43 ||   271
       Fruit             |       |       |       |       |       |     2 ||     2
Armor: Robe              |    26 |    40 |    90 |    29 |       |       ||   185
       Troll leather arm |       |       |       |   178 |   499 |   131 ||   808
Dodge: Dodged            |    30 |    39 |    92 |   129 |   503 |   143 ||   936
Block: Shield            |    37 |    45 |   123 |   251 |   940 |    77 ||  1473
       Large shield      |       |       |       |       |       |   877 ||   877
       Reflection        |       |       |       |       |       |   189 ||   189
